 Dungeon Crawl Stone Soup version 0.29.1-2-gbd0b4ee654 (webtiles) character file.

Game seed: 11119208456544974687

775 fleeber the Magician (level 7, 0/36 HPs)
             Began as a Deep Elf Conjurer on Nov 6, 2022.
             Was an Initiate of Vehumet.
             Slain by an adder (2 damage)
             ... on level 6 of the Dungeon.
             The game lasted 00:18:32 (6204 turns).

fleeber the Magician (Deep Elf Conjurer)            Turns: 6204, Time: 00:18:32

Health: 0/36       AC:  2    Str:  4    XL:     7   Next: 54%
Magic:  10/20      EV: 12    Int: 25    God:    Vehumet [......]
Gold:   312        SH:  0    Dex: 13    Spells: 14/21 levels left

rFire   . . .      SeeInvis .   h - +1 dagger (speed)
rCold   . . .      Faith    .   (no shield)
rNeg    . . .      Spirit   .   a - +0 robe
rPois   .          Reflect  .   (no helmet)
rElec   .          Harm     .   (no cloak)
rCorr   .          Rampage  .   (no gloves)
Will    .....                   (no boots)
Stlth   ++........              (no amulet)
HPRegen 0.12/turn               e - ring of flight
MPRegen 0.17/turn               (no ring)

@: flying
A: no striking features
a: Renounce Religion


You were on level 6 of the Dungeon.
You worshipped Vehumet.
Vehumet was noncommittal.
You visited 2 branches of the dungeon, and saw 7 of its levels.

You collected 312 gold pieces.

Inventory:

Hand Weapons
 h - a +1 dagger of speed (weapon)
Armour
 a - a +0 robe (worn)
Jewellery
 e - a ring of flight (left hand)
Wands
 x - a wand of paralysis (2)
Scrolls
 d - 4 scrolls of identify {unknown}
 g - 3 scrolls of fog {unknown}
 k - 2 scrolls of blinking {unknown}
 m - 4 scrolls of teleportation {unknown}
 p - a scroll of enchant weapon {unknown}
 r - a scroll of fear {unknown}
 t - 3 scrolls of magic mapping {unknown}
 w - a scroll of torment {unknown}
 y - a scroll of immolation {unknown}
Potions
 b - a potion of magic
 c - 3 potions of lignification {unknown}
 f - 2 potions of might {unknown}
 i - 3 potions of cancellation {unknown}
 j - 2 potions of mutation {unknown}
 l - a potion of brilliance {unknown}
 n - 3 potions of degeneration {unknown}
 o - 3 potions of flight {unknown}
 q - 2 potions of heal wounds {unknown}
 s - 2 potions of resistance {unknown}
 u - 2 potions of curing {unknown}
 v - 2 potions of attraction {unknown}


   Skills:
 - Level 2.4 Dodging
 - Level 2.4 Stealth
 + Level 7.5 Spellcasting
 + Level 7.3 Conjurations
 - Level 4.0 Translocations


You had 14 spell levels left.
You knew the following spells:

 Your Spells              Type           Power      Damage    Failure   Level
a - Magic Dart            Conj           100%       1d8       1%          1
b - Searing Ray           Conj           92%        2d7       1%          2
c - Iskenderun's Mystic   Conj/Tloc      37%        2d9       6%          4

Your spell library contained the following spells:

 Spells                   Type           Power      Damage    Failure   Level
 Dazzling Flash           Conj/Hex       54%        N/A       4%          3
 Beastly Appendage        Tmut           18%        N/A       6%          1
 Wereblood                Tmut           9%         N/A       10%         2
 Fulminant Prism          Conj/Hex       13%        3d9       14%         4
 Spider Form              Tmut/Pois      9%         N/A       19%         3


Dungeon Overview and Level Annotations

Branches:
Dungeon (6/15)             Temple (1/1) D:4

Altars:
Ashenzari
Cheibriados
Dithmenos
Elyvilon
Hepliaklqana
Okawaru
Qazlal
Ru
Sif Muna
Trog
Uskayaw
Vehumet
Wu Jian
Xom
Yredelemnul
Zin


Message History

Aim: an ice beast (lightly wounded, 100% to hit)
The magic dart hits the ice beast but does no damage.
The ice beast is lightly wounded.
Casting: Magic Dart (safe; 1% risk of failure)
Confirm with . or Enter, or press ? or * to list all spells.
Aiming: Searing Ray (safe; 1% risk of failure)
Press: ? - help, Shift-Dir - straight line, f/p - ice beast
Aim: an ice beast (lightly wounded, 82% to hit)
The searing ray hits the ice beast.
The ice beast is moderately wounded. (Press . to maintain the ray.)
The searing ray hits the ice beast.
The ice beast is heavily wounded.
The searing ray hits the ice beast.
The ice beast is heavily wounded.
The ice beast hits you. The ice beast freezes you!
The searing ray hits the ice beast.
The ice beast is severely wounded.
You finish channelling your searing ray.
The adder closely misses you. The ice beast hits you.
The ice beast freezes you. The adder barely misses you. The ice beast hits you.
The ice beast freezes you!
* * * LOW HITPOINT WARNING * * *
Casting: Searing Ray (safe; 1% risk of failure)
Confirm with . or Enter, or press ? or * to list all spells.
Aiming: Searing Ray (safe; 1% risk of failure)
Press: ? - help, Shift-Dir - straight line, f/p - ice beast
Aim: an ice beast (severely wounded, 82% to hit)
Okay, then.
Casting: Searing Ray (safe; 1% risk of failure)
Confirm with . or Enter, or press ? or * to list all spells.
Aiming: Searing Ray (safe; 1% risk of failure)
Press: ? - help, Shift-Dir - straight line, f/p - ice beast
Aim: an ice beast (severely wounded, 82% to hit)
The searing ray hits the ice beast!
You kill the ice beast!
Vehumet accepts your kill. (Press . to maintain the ray.)
The adder bites you.
You die...

#..#...#
#.<#...#
#.##...####
#..'......#
####......# .
#......# ...
#....###.....
#.....†.>....
#@..####.#...
#.S.# #...#
#...# ####.
.. ... ....
)....


You could see an adder.

Vanquished Creatures
  Sigmund (D:3)
  An ice beast (D:6)
  A black bear (D:6)
  2 scorpions
  4 hounds
  A jelly (D:5)
  An orc priest (D:5)
  An iguana (D:5)
  An orc wizard (D:5)
  4 adders
  4 river rats (D:4)
  A shadow imp (D:4)
  4 worms
  3 dart slugs
  5 orcs
  4 endoplasms
  6 giant cockroaches
  3 hobgoblins
  3 jackals (D:1)
  2 quokkas (D:1)
  7 ball pythons
  8 bats
  A frilled lizard (D:1)
  8 goblins
  15 kobolds
  8 rats
99 creatures vanquished.

Vanquished Creatures (others)
  8 plants (D:2)
8 creatures vanquished.

Grand Total: 107 creatures vanquished

Notes
Turn   | Place    | Note
-------+----------+-------------------------------------------
     0 | D:1      | fleeber the Deep Elf Conjurer began the quest for the Orb.
     0 | D:1      | Reached XP level 1. HP: 10/10 MP: 6/6
   283 | D:1      | Reached XP level 2. HP: 15/15 MP: 2/8
   285 | D:1      | Reached skill level 1 in Translocations
   967 | D:1      | Reached XP level 3. HP: 19/19 MP: 5/10
  1700 | D:1      | Learned a level 2 spell: Searing Ray
  2010 | D:3      | Reached skill level 5 in Conjurations
  2432 | D:3      | Noticed Sigmund
  2448 | D:4      | Reached XP level 4. HP: 24/24 MP: 8/12
  2899 | D:4      | Noticed an ogre
  3001 | D:4      | Learned a level 4 spell: Iskenderun's Mystic Blast
  3077 | D:4      | Reached XP level 5. HP: 26/28 MP: 8/14
  3542 | D:4      | Reached skill level 5 in Spellcasting
  3818 | D:3      | Killed Sigmund
  3819 | D:3      | Reached XP level 6. HP: 21/32 MP: 8/16
  4313 | D:4      | Found a staircase to the Ecumenical Temple.
  4323 | Temple   | Entered the Ecumenical Temple
  4493 | Temple   | Became a worshipper of Vehumet
  4932 | D:5      | Entered Level 5 of the Dungeon
  5175 | D:5      | Reached XP level 7. HP: 32/36 MP: 8/18
  5413 | D:5      | Paralysed by an orc priest for 3 turns
  6204 | D:6      | Slain by an adder

Illustrated notes

Levels and vault maps discovered:
D:1:      dpeg_arrival_line_fractal, layout_loops_ring
D:2:      layout_rooms, lexackson_kobold_supper
D:3:      layout_basic, uniq_sigmund
D:4:      layout_basic, minmay_temple_entry_poolview, lightli_sewer_entry_pipes
D:5:      layout_rooms
D:6:      lemuel_ice_spiral_2, layout_basic, lemuel_crystal_altar,
          hangedman_decor_peaks_small, uniq_pikel
Temple:   eino_temple_scatter_basement

Skill      XL: |  1  2  3  4  5  6  7 |
---------------+----------------------+-----
Translocations | 1 2 4 |  4.0
Spellcasting   | 4 5 6 7 |  7.5
Conjurations   | 5 6 7 |  7.3
Dodging        | |  2.4
Stealth        | |  2.4

Action                   |  1- 3 |  4- 6 |  7- 9 || total
-------------------------+-------+-------+-------++-------
 Cast: Magic Dart        |    98 |    91 |    43 ||   232
       Searing Ray       |     1 |    10 |     4 ||    15
Armor: Robe              |     4 |     2 |       ||     6
Dodge: Dodged            |     8 |    20 |     7 ||    35
